 Dungeon Crawl Stone Soup version 0.17-a0-957-ga3519be (webtiles) character file.

111 tognito the Skirmisher (level 4, -2/61 HPs)
             Began as a Minotaur Berserker on May 7, 2015.
             Was a Priest of Trog.
             Slain by Grinder (6 damage)
             ... on level 3 of the Dungeon.
             The game lasted 00:09:46 (2412 turns).

tognito the Skirmisher (Minotaur Berserker)         Turns: 2412, Time: 00:09:46

Health: -2/61      AC:  5    Str: 27    XL:     4   Next: 62%
Magic:  3/3        EV: 12    Int:  4    God:    Trog [***...]
Gold:   109        SH:  0    Dex: 10    Spells: 0 memorised, 3 levels left

rFire  . . .     SeeInvis .     b - +0 hunting sling (velocity)
rCold  . . .     Clarity  .     f - +0 ring mail
rNeg   . . .     SustAb   .     (no shield)
rPois  .         Gourm    .     (helmet restricted)
rElec  .         Spirit   .     (no cloak)
rCorr  .         Warding  .     (no gloves)
rMut   .         Stasis   .     (no boots)
MR     .....                    (no amulet)
Stlth  ..........               (no ring)
                                (no ring)

@: berserking, flying, very quick, not resistant to hostile enchantments,
extremely unstealthy
A: retaliatory headbutt, horns 2
a: Burn Spellbooks, Berserk, Trog's Hand, Renounce Religion


You were on level 3 of the Dungeon.
You worshipped Trog.
Trog was most pleased with you.
You were not hungry.

You visited 1 branch of the dungeon, and saw 3 of its levels.

You collected 109 gold pieces.

Inventory:

Hand weapons
 a - a +0 hand axe
 b - a +0 hunting sling of velocity (weapon)
 g - a +0 hand axe
 i - a +0 hunting sling
Missiles
 e - 68 arrows
 h - 83 stones (quivered)
 o - 14 arrows of dispersal
Armour
 d - a +0 animal skin
 f - a +0 ring mail (worn)
Scrolls
 k - 3 scrolls of identify
 l - 5 scrolls of remove curse
 m - a scroll of recharging
Potions
 n - a potion of curing
 p - a potion of agility
 q - a potion of heal wounds
Comestibles
 c - 4 bread rations
 j - 3 meat rations


   Skills:
 * Level 4.7 Fighting
 + Level 4.3 Axes
 + Level 1.5 Slings
 + Level 3.2 Armour
 + Level 2.9 Dodging


You had 3 spell levels left.
You didn't know any spells.

Dungeon Overview and Level Annotations

Branches:
Dungeon (3/15)

Altars:
Nemelex Xobeh

Annotations:
D:3 Grinder


Innate Abilities, Weirdness & Mutations

You reflexively headbutt those who attack you in melee.
You have a pair of horns on your head.


Message History

Really attack while wielding your +0 hunting sling of velocity?
Okay, then.
You are too berserk!
Unknown command.
You are too berserk!
You are too injured to fight recklessly!
You are too injured to fight recklessly!
Really attack while wielding your +0 hunting sling of velocity? [Y]es or [N]o only, please.
Really attack while wielding your +0 hunting sling of velocity? [Y]es or [N]o only, please.
Really attack while wielding your +0 hunting sling of velocity?
You closely miss Grinder.
Grinder is lightly wounded.
Grinder grins, showing sharp teeth.
Grinder hits you but does no damage.
You closely miss Grinder.
Grinder is lightly wounded.
Grinder hits you.
You die...

#######.###..
#.........#.#
#.#####...#.#####
### #.#.......#
.......###..###.#
#.###.# ##.# #
#..###..#
##..#.#.......
#.@.#####.#.
.......5.#
######.### #+


You could see Grinder.

Vanquished Creatures
  3 adders
  An ooze (D:2)
  3 worms (D:2)
  2 giant geckos
  An orc (D:2)
  A ball python (D:1)
  7 bats
  A giant cockroach (D:2)
  13 goblins
  10 hobgoblins
  7 jackals
  A quokka (D:2)
  4 giant newts
  9 kobolds
  3 rats
66 creatures vanquished.

Notes
Turn   | Place    | Note
--------------------------------------------------------------
     0 | D:1      | tognito, the Minotaur Berserker, began the quest for the Orb.
     0 | D:1      | Reached XP level 1. HP: 19/19 MP: 0/0
   336 | D:1      | Reached XP level 2. HP: 27/27 MP: 1/1
   339 | D:1      | Reached skill level 4 in Fighting
   506 | D:1      | Acquired Trog's second power
   695 | D:2      | Reached XP level 3. HP: 15/34 MP: 2/2
  1127 | D:2      | Found a sparkling altar of Nemelex Xobeh.
  1310 | D:2      | Reached XP level 4. HP: 30/41 MP: 3/3
  2136 | D:3      | Reached skill level 1 in Slings
  2381 | D:3      | Noticed Grinder
  2385 | D:3      | Paralysed by Grinder for 4 turns
  2409 | D:3      | HP: 2/41 [Grinder/nerve-wracking pain (3)]
  2412 | D:3      | Slain by Grinder

Action                   |  1- 3 |  4- 6 || total
-------------------------+-------+-------++-------
Melee: Hand axe          |    76 |     4 ||    80
       Unarmed           |       |    12 ||    12
       Hunting sling     |       |     2 ||     2
 Fire: Hunting sling     |    30 |    50 ||    80
Invok: Berserk           |       |     1 ||     1
  Use: Scroll            |     6 |     2 ||     8
       Potion            |     1 |     6 ||     7
  Eat: Chunk             |     1 |     4 ||     5
